 Dungeon Crawl Stone Soup version 0.29-a0-620-g13ace881f2 (webtiles) character file.

Game seed: 11876228060497935047

105 Cancer the Digger (level 4, 0/24 HPs)
             Began as a Gargoyle Earth Elementalist on June 18, 2022.
             Slain by a worm (4 damage)
             ... on level 3 of the Dungeon.
             The game lasted 00:04:54 (2412 turns).

Cancer the Digger (Gargoyle Earth Elementalist)     Turns: 2412, Time: 00:04:55

Health: 0/24       AC:  6    Str: 11    XL:     4   Next: 83%
Magic:  6/8        EV: 11    Int: 18    God:
Gold:   88         SH:  0    Dex: 10    Spells: 8/9 levels left

rFire   . . .      SeeInvis .   n - +0 dagger (freeze)
rCold   . . .      Faith    .   (no shield)
rNeg    + . .      Spirit   .   a - +0 robe
rPois   ∞          Reflect  .   (no helmet)
rElec   +          Harm     .   i - +0 cloak
rCorr   .          Rampage  .   (no gloves)
Will    +....                   (no boots)
Stlth   ++........              (no amulet)
HPRegen 0.08/turn               l - ring of willpower
MPRegen 0.11/turn               (no ring)

@: no status effects
A: sickness immunity, AC +3, negative energy resistance 1, electricity
resistance, torment resistance 1, petrification resistance
a: no special abilities


You were on level 3 of the Dungeon.
You visited 1 branch of the dungeon, and saw 3 of its levels.

You collected 88 gold pieces.

Inventory:

Hand Weapons
 n - a +0 dagger of freezing (weapon)
Armour
 a - a +0 robe (worn)
 i - a +0 cloak (worn)
Jewellery
 l - a ring of willpower (left hand)
Scrolls
 c - 4 scrolls of identify {unknown}
 d - 4 scrolls of blinking {unknown}
 f - a scroll of torment {unknown}
 g - a scroll of poison {unknown}
 h - a scroll of immolation
Potions
 b - 2 potions of magic
 e - 4 potions of attraction {unknown}
 j - a potion of haste {unknown}
 k - 3 potions of curing {unknown}
 m - 2 potions of heal wounds {unknown}


   Skills:
 - Level 1.5 Dodging
 - Level 2.1 Stealth
 + Level 3.0 Spellcasting
 + Level 2.5 Conjurations
 - Level 0.7 Transmutations
 + Level 4.7 Earth Magic


You had 8 spell levels left.
You knew the following spells:

 Your Spells              Type           Power      Damage    Failure   Level
a - Sandblast             Erth           38%        2d10      2%          1

Your spell library contained the following spells:

 Spells                   Type           Power      Damage    Failure   Level
 Passwall                 Tmut/Erth      10%        N/A       9%          2
 Stone Arrow              Conj/Erth      30%        3d8       11%         3
 Confusing Touch          Hex            2%         N/A       43%         3
 Petrify                  Tmut/Erth      12%        N/A       47%         4
 Yara's Violent Unravell  Hex/Tmut       2%         3d3       98%         5
 Enfeeble                 Hex            1%         N/A       100%        7


Dungeon Overview and Level Annotations

Branches:
Dungeon (3/15)

Altars:
Uskayaw
Yredelemnul


Innate Abilities, Weirdness & Mutations

You are immune to sickness and miasma.
Your stone body is resilient. (AC +3)
You are immune to poison.
You resist negative energy. (rN+)
You are resistant to electric shocks. (rElec)
You are resistant to unholy torment.
You are immune to petrification.


Message History

The orc attacks as you move away! The orc closely misses you.
There is an open door here.
The orc attacks as you move away! The orc closely misses you.
You hit the orc. You freeze the orc.
The orc is heavily wounded.
The orc hits you with a +0 flail.
You hit the orc but do no damage.
The orc is heavily wounded.
The orc closely misses you.
You hit the orc but do no damage.
The orc is heavily wounded.
The orc hits you with a +0 flail.
You barely miss the orc.
The orc is heavily wounded.
The orc closely misses you.
You closely miss the orc.
The orc is heavily wounded.
The orc closely misses you.
You barely miss the orc.
The orc is heavily wounded.
The orc hits you with a +0 flail.
You hit the orc but do no damage.
The orc is heavily wounded.
The orc hits you with a +0 flail!
* * * LOW HITPOINT WARNING * * *
You hit the orc. You freeze the orc.
The orc is almost dead.
The orc barely misses you.
You hit the orc but do no damage.
The orc is almost dead.
The orc barely misses you.
Casting: Sandblast (safe; 2% risk of failure)
Confirm with . or Enter, or press ? or * to list all spells.
Aiming: Sandblast (safe; 2% risk of failure)
Press: ? - help, Shift-Dir - straight line, f/p - orc
Aim: an orc, wielding a +0 flail and wearing a +0 chain mail (almost dead, 85% to hit)
The blast of sand hits the orc.
You kill the orc!
The worm bites you.
You die...

#.#.. <#.#.. . ..... ..
#...######. # #........
##.##.....# #$..8.....# #
#$........###################
#$........'w@........##......
#$..8.....######.............
##.##.##### #............. #
#.. #....)........ #.:.
#............. ....
###.(........... .###
#..[........†...
#.#######†.####.
#.#..........##.


You could see a worm.

Vanquished Creatures
  A hound (D:3)
  An adder (D:2)
  2 dart slugs
  An orc (D:3)
  4 ball pythons
  6 endoplasms
  4 giant cockroaches
  7 goblins
  2 hobgoblins (D:1)
  12 jackals (D:2)
  2 quokkas (D:1)
  7 bats
  A frilled lizard (D:1)
  2 kobolds (D:1)
  3 rats (D:2)
55 creatures vanquished.

Vanquished Creatures (others)
  5 plants (D:1)
5 creatures vanquished.

Grand Total: 60 creatures vanquished

Notes
Turn   | Place    | Note
-------+----------+-------------------------------------------
     0 | D:1      | Cancer the Gargoyle Earth Elementalist began the quest for
                  | the Orb.
     0 | D:1      | Reached XP level 1. HP: 10/10 MP: 3/3
   209 | D:1      | Reached XP level 2. HP: 14/15 MP: 0/5
   267 | D:1      | Reached skill level 1 in Conjurations
   387 | D:1      | Found a faded altar of an unknown god.
   460 | D:1      | Reached skill level 4 in Earth Magic
   641 | D:1      | Reached XP level 3. HP: 19/19 MP: 3/6
  1712 | D:2      | Reached XP level 4. HP: 24/24 MP: 6/8
  1972 | D:2      | Found a basalt altar of Yredelemnul.
  2146 | D:3      | Found a hide-covered altar of Uskayaw.
  2412 | D:3      | Slain by a worm

Illustrated notes

Levels and vault maps discovered:
D:1:      dpeg_arrival_rooms_b, layout_loops_ring,
          hellmonk_ecumenical_altar_blasted, serial_bayou_pond_a
D:2:      layout_basic, basic_altar, kennysheep_crisscross
D:3:      layout_basic, eat_drink_and_be_merry_uskayaw, lemuel_crystal_altar,
          jmf_multi_god_temple, ebering_ghost_reflecting_pool,
          small_statue_intersection, uniq_crazy_yiuf_cottage

Skill      XL: |  1  2  3  4 |
---------------+-------------+-----
Conjurations   | 1 2 |  2.5
Earth Magic    | 4 |  4.7
Spellcasting   | 3 |  3.0
Dodging        | |  1.5
Stealth        | |  2.1
Transmutations | |  0.7

Action                   |  1- 3 |  4- 6 || total
-------------------------+-------+-------++-------
Melee: Club              |     5 |       ||     5
       Short sword       |    26 |       ||    26
       Punch             |     1 |       ||     1
       Dagger            |       |     9 ||     9
 Cast: Sandblast         |    53 |    14 ||    67
 Stab: Sleeping          |     1 |       ||     1
Armor: Robe              |    52 |     2 ||    54
Dodge: Dodged            |    81 |    10 ||    91

Table legend: (Time is in decaauts)
 A = Elapsed time spent in this place.
 B = Non-inter-level travel time spent in this place.
 C = Inter-level travel time spent in this place.
 D = Time resting spent in this place.
 E = Time spent auto-exploring this place.
 F = Levels seen in this place.
 G = Mean time per level.
                   A        B        C        D        E       F      G
               +--------+--------+--------+--------+--------+-----+--------+
         Total |   2482 |   2357 |    125 |     28 |   1841 |   3 |  827.3 |
       Dungeon |   2482 |   2357 |    125 |     28 |   1841 |   3 |  827.3 |
               +--------+--------+--------+--------+--------+-----+--------+

Top non-repeatable levels by time:
     D:2: 1143 daAuts
     D:1: 1050 daAuts
     D:3: 288 daAuts
